 Dungeon Crawl Stone Soup version 0.27.1-3-gb3d3a73c9e (webtiles) character file.

Game seed: 534087924137690269

1046 MisterFreud the Stinger (level 8, -3/58 HPs)
             Began as a Gnoll Venom Mage on Oct 11, 2021.
             Was a Believer of Jiyva.
             Slain by a gargoyle (18 damage)
             ... on level 5 of the Dungeon.
             The game lasted 00:14:28 (7495 turns).

MisterFreud the Stinger (Gnoll Venom Mage)          Turns: 7495, Time: 00:14:28

Health: -3/58      AC:  3    Str:  8    XL:     8   Next: 25%
Magic:  11/16      EV: 14    Int: 15    God:    Jiyva [**....]
Gold:   187        SH:  5    Dex: 14    Spells: 6/18 levels left

rFire    + . .     SeeInvis +   b - +0 dagger
rCold    + . .     Faith    .   (no shield)
rNeg     . . .     Spirit   .   a - +0 robe
rPois    .         Reflect  +   (no helmet)
rElec    .         Harm     .   s - scarf {rC+ rF+}
rCorr    .         Rampage  .   (no gloves)
Will     .....                  c - +0 pair of boots
Stlth    +++.......             d - amulet of reflection
HPRegen  0.19/turn              h - ring of see invisible
MPRegen  0.15/turn              (no ring)

@: no status effects
A: fangs 1, strong nose, distributed training
a: Renounce Religion, Request Jelly


You were on level 5 of the Dungeon.
You worshipped Jiyva.
Jiyva was pleased with you.
You visited 1 branch of the dungeon, and saw 5 of its levels.
You also visited: Sewer.

You collected 187 gold pieces.

Inventory:

Hand Weapons
 b - a +0 dagger (weapon)
 r - a +0 short sword of draining
 u - a +0 rapier
Missiles
 f - 10 javelins
 o - 10 poisoned darts
 q - 2 boomerangs
Armour
 a - a +0 robe (worn)
 c - a +0 pair of boots (worn)
 s - a scarf of resistance (worn)
 v - a +0 leather armour
Jewellery
 d - an amulet of reflection (around neck)
 h - a ring of see invisible (left hand)
Scrolls
 e - a scroll of torment
 i - 2 scrolls of vulnerability
 l - a scroll of enchant weapon {unknown}
 p - a scroll of identify
Potions
 m - a potion of berserk rage
 n - a potion of might {unknown}
 t - a potion of brilliance {unknown}


   Skills:
 + Level 3.1 Fighting
 + Level 3.1 Short Blades
 + Level 3.1 Long Blades
 + Level 3.1 Axes
 + Level 3.1 Maces & Flails
 + Level 3.1 Polearms
 + Level 3.1 Staves
 + Level 3.1 Slings
 + Level 3.1 Bows
 + Level 3.1 Crossbows
 + Level 3.1 Throwing
 + Level 3.1 Armour
 + Level 5.6 Dodging
 + Level 5.2 Stealth
 + Level 3.1 Shields
 + Level 3.1 Unarmed Combat
 + Level 5.9 Spellcasting
 + Level 2.5 Conjurations
 + Level 2.5 Hexes
 + Level 2.5 Summonings
 + Level 2.5 Necromancy
 + Level 2.5 Translocations
 + Level 3.3 Transmutations
 + Level 2.5 Fire Magic
 + Level 2.5 Ice Magic
 + Level 2.5 Air Magic
 + Level 2.5 Earth Magic
 + Level 6.0 Poison Magic
 + Level 3.4 Invocations
 + Level 3.1 Evocations


You had 6 spell levels left.
You knew the following spells:

 Your Spells              Type           Power      Damage    Failure   Level
a - Sting                 Tmut/Pois      72%        1d6       2%          1
b - Passwall              Tmut/Erth      10%        N/A       7%          2
c - Ensorcelled Hibernat  Hex/Ice        24%        N/A       8%          2
d - Tukima's Dance        Hex            12%        N/A       16%         3
e - Olgreb's Toxic Radia  Pois           22%        N/A       12%         4

Your spell library contained the following spells:

 Spells                   Type           Power      Damage    Failure   Level
 Poisonous Vapours        Pois/Air       34%        N/A       3%          2
 Corona                   Hex            13%        N/A       5%          1
 Magic Dart               Conj           48%        1d5       5%          1
 Wereblood                Tmut           14%        N/A       5%          2
 Searing Ray              Conj           24%        3d4       8%          2
 Sublimation of Blood     Necr           6%         N/A       8%          2
 Mephitic Cloud           Conj/Pois/Air  15%        N/A       10%         3
 Fulminant Prism          Conj/Hex       6%         3d7       45%         4
 Irradiate                Conj/Tmut      6%         3d16      77%         5
 Summon Hydra             Summ           6%         N/A       100%        7


Dungeon Overview and Level Annotations

Branches:
Dungeon (5/15)              Sewer (visited)
 Temple: D:4-7

Altars:
Dithmenos
Hepliaklqana
Nemelex Xobeh
Ru
Wu Jian
Jiyva

Shops:
D:5 [


Innate Abilities, Weirdness & Mutations

You have very sharp teeth.
Your uncanny sense of smell can sniff out nearby items.
Your experience applies equally to all skills.


Message History

Confirm with . or Enter, or press ? or * to list all spells.
Aiming: Tukima's Dance (dangerous; 16% risk of failure)
Press: ? - help, Shift-Dir - straight line, f - gargoyle
Aim: a gargoyle, wielding a +0 mace (chance to affect: 31%)
The gargoyle easily resists.
The gargoyle hits you with a +0 mace!
Casting: Tukima's Dance (dangerous; 16% risk of failure)
Confirm with . or Enter, or press ? or * to list all spells.
Aiming: Tukima's Dance (dangerous; 16% risk of failure)
Press: ? - help, Shift-Dir - straight line, f/p - gargoyle
Aim: a gargoyle, wielding a +0 mace (chance to affect: 31%)
The +0 mace dances into the air!
The gargoyle closely misses you.
You hit the gargoyle but do no damage.
The gargoyle hurls a stone arrow at you.
The stone arrow misses you.
You hit the gargoyle but do no damage.
You bite the gargoyle, but do no damage.
Your +0 mace hits the gargoyle but does no damage.
You catch the helpless gargoyle completely off-guard!
You hit the gargoyle.
The gargoyle is moderately damaged.
The gargoyle hurls a stone arrow at you.
The stone arrow hits you!!
You barely miss the gargoyle.
The gargoyle is moderately damaged.
Your +0 mace hits the gargoyle but does no damage.
The gargoyle closely misses you.
You hit the gargoyle but do no damage.
The gargoyle is moderately damaged.
The gargoyle closely misses you.
Your +0 mace hits the gargoyle.
You barely miss the gargoyle.
The gargoyle is moderately damaged.
The gargoyle hurls a stone arrow at you.
The stone arrow hits you!
* * * LOW HITPOINT WARNING * * *
Unknown command.
You hit the gargoyle but do no damage.
The gargoyle is moderately damaged.
Your +0 mace barely misses the gargoyle.
The gargoyle hits you!!
You die...

## .. .. .# ####.#.#
#......# .. #......#####.#
#...... ..#..##
#.....##.......
##...9@.........
.....(...........
.#####.#.........
#.#......... #.#.........
..#..#.##... ....
#.#########..#J# ........
.............#.##........
#####≈≈≈###.##........##.##


You could see a gargoyle (ally target), a neutral jelly (wandering) (fellow
slime) and a friendly +0 mace.

Vanquished Creatures
  A wyvern (D:5)
  Eustachio (D:4)
  A necrophage (D:5)
  2 kobold brigands (Sewer)
  A jelly (D:4)
  2 hounds
  An orc priest (D:4)
  An orc wizard (D:4)
  A hound skeleton (D:4)
  3 gnolls (D:2)
  2 river rats (Sewer)
  12 adders
  6 worms
  2 dart slugs
  7 orcs (D:4)
  8 ball pythons
  An endoplasm (D:1)
  A giant cockroach (D:1)
  8 hobgoblins
  10 kobolds
  6 quokkas
  3 frilled lizards
  9 goblins
  9 rats
98 creatures vanquished.

Vanquished Creatures (collateral kills)
  Sigmund (D:3)
  An orc priest (D:4)
2 creatures vanquished.

Vanquished Creatures (others)
  2 dancing weapons
  A necrophage (D:5)
  6 jellies (D:5)
  Ijyb (D:5)
  An adder (Sewer)
  A river rat (Sewer)
  A white imp (D:5)
  2 worms
  An orc (D:5)
  3 endoplasms (Sewer)
  A quokka (D:5)
  5 kobolds (Sewer)
25 creatures vanquished.

Grand Total: 125 creatures vanquished

Notes
Turn   | Place    | Note
-------+----------+-------------------------------------------
     0 | D:1      | MisterFreud the Gnoll Venom Mage began the quest for the
                  | Orb.
     0 | D:1      | Reached XP level 1. HP: 13/13 MP: 6/6
   352 | D:1      | Reached XP level 2. HP: 19/19 MP: 3/7
  1013 | D:2      | Reached skill level 5 in Spellcasting
  1013 | D:2      | Reached XP level 3. HP: 17/25 MP: 4/9
  1612 | D:2      | Reached skill level 1 in Invocations
  1697 | D:2      | Reached skill level 1 in Fighting
  1697 | D:2      | Reached skill level 1 in Short Blades
  1697 | D:2      | Reached skill level 1 in Long Blades
  1697 | D:2      | Reached skill level 1 in Axes
  1697 | D:2      | Reached skill level 1 in Maces & Flails
  1697 | D:2      | Reached skill level 1 in Polearms
  1697 | D:2      | Reached skill level 1 in Staves
  1697 | D:2      | Reached skill level 1 in Slings
  1697 | D:2      | Reached skill level 1 in Bows
  1697 | D:2      | Reached skill level 1 in Crossbows
  1697 | D:2      | Reached skill level 1 in Throwing
  1697 | D:2      | Reached skill level 1 in Armour
  1697 | D:2      | Reached skill level 1 in Shields
  1697 | D:2      | Reached skill level 1 in Unarmed Combat
  1697 | D:2      | Reached skill level 1 in Evocations
  1697 | D:2      | Reached XP level 4. HP: 32/32 MP: 4/11
  1814 | D:2      | Got the Incunabulum of Unstable Contamination
  1914 | D:2      | Reached skill level 1 in Conjurations
  1914 | D:2      | Reached skill level 1 in Hexes
  1914 | D:2      | Reached skill level 1 in Summonings
  1914 | D:2      | Reached skill level 1 in Necromancy
  1914 | D:2      | Reached skill level 1 in Translocations
  1914 | D:2      | Reached skill level 1 in Fire Magic
  1914 | D:2      | Reached skill level 1 in Ice Magic
  1914 | D:2      | Reached skill level 1 in Air Magic
  1914 | D:2      | Reached skill level 1 in Earth Magic
  1957 | D:2      | Reached XP level 5. HP: 31/37 MP: 9/12
  2529 | D:2      | Learned a level 2 spell: Passwall
  2532 | D:2      | Learned a level 2 spell: Ensorcelled Hibernation
  2536 | D:2      | Learned a level 3 spell: Tukima's Dance
  2541 | D:2      | Learned a level 4 spell: Olgreb's Toxic Radiance
  2926 | D:3      | Found a shadowy altar of Dithmenos.
  2952 | D:3      | Found a hazy altar of Hepliaklqana.
  2952 | D:3      | Found an ornate altar of the Wu Jian Council.
  3162 | D:3      | Found a sparkling altar of Nemelex Xobeh.
  3260 | D:3      | Noticed Sigmund
  3598 | D:3      | Killed Sigmund
  3599 | D:3      | Reached skill level 5 in Dodging
  3599 | D:3      | Reached XP level 6. HP: 25/44 MP: 4/14
  3779 | D:3      | Found a faded altar of an unknown god.
  3799 | D:3      | Became a worshipper of Jiyva Jiroh the Shapeless
  3799 | D:3      | Reached * piety under Jiyva
  3895 | D:4      | Found a glowing drain.
  3904 | Sewer    | Entered a sewer
  4603 | Sewer    | Reached XP level 7. HP: 41/50 MP: 12/15
  5613 | D:4      | Reached ** piety under Jiyva
  5949 | D:5      | Entered Level 5 of the Dungeon
  5949 | D:5      | Noticed Eustachio
  5949 | D:5      | Found Ycemideb's Antique Armour Emporium.
  6021 | D:5      | Reached skill level 5 in Stealth
  6303 | D:4      | Killed Eustachio
  6393 | D:5      | Noticed a gargoyle
  6722 | D:5      | Reached skill level 6 in Poison Magic
  6722 | D:5      | Reached XP level 8. HP: 26/50 MP: 16/16
  7256 | D:5      | Killed Ijyb
  7283 | D:5      | Noticed a wyvern
  7296 | D:5      | Killed a wyvern
  7446 | D:5      | Found a sacrificial altar of Ru.
  7464 | D:5      | Found a hazy altar of Hepliaklqana.
  7495 | D:5      | Slain by a gargoyle

Illustrated notes

Levels and vault maps discovered:
D:1:      minmay_arrival_jagged, layout_loops_ring,
          minmay_misc_feat_more_columns, minmay_shallow_snake_nest
D:2:      layout_basic, minmay_puff
D:3:      layout_basic, lemuel_round_altar, grunt_temple_overflow_open,
          chequers_ecumenical_altar_simple_redux, amethyst_killhole,
          kennysheep_generic_room_9, uniq_sigmund
D:4:      layout_basic, cheibrodos_sewer_entry_drain
D:5:      layout_basic, mainiacjoe_overflow_brackets,
          nicolae_kikubaaqudgha_miasma_corner, serial_shops,
          nicolae_stop_n_shop_1, nicolae_sextant,
          chequers_serial_rivers_micro_d, hangedman_feature_mirror, uniq_ijyb,
          uniq_eustachio

Skill      XL: |  1  2  3  4  5  6  7  8 |
---------------+-------------------------+-----
Transmutations | 2 3 |  3.3
Spellcasting   | 5 |  5.9
Invocations    | 1 2 3 |  3.4
Fighting       | 1 2 3 |  3.1
Short Blades   | 1 2 3 |  3.1
Long Blades    | 1 2 3 |  3.1
Axes           | 1 2 3 |  3.1
Maces & Flails | 1 2 3 |  3.1
Polearms       | 1 2 3 |  3.1
Staves         | 1 2 3 |  3.1
Slings         | 1 2 3 |  3.1
Bows           | 1 2 3 |  3.1
Crossbows      | 1 2 3 |  3.1
Throwing       | 1 2 3 |  3.1
Armour         | 1 2 3 |  3.1
Shields        | 1 2 3 |  3.1
Unarmed Combat | 1 2 3 |  3.1
Evocations     | 1 2 3 |  3.1
Conjurations   | 1 2 |  2.5
Hexes          | 1 2 |  2.5
Summonings     | 1 2 |  2.5
Necromancy     | 1 2 |  2.5
Translocations | 1 2 |  2.5
Fire Magic     | 1 2 |  2.5
Ice Magic      | 1 2 |  2.5
Air Magic      | 1 2 |  2.5
Earth Magic    | 1 2 |  2.5
Dodging        | 5 |  5.6
Stealth        | 5 |  5.2
Poison Magic   | 6 |  6.0

Action                   |  1- 3 |  4- 6 |  7- 9 || total
-------------------------+-------+-------+-------++-------
Melee: Dagger            |    15 |    76 |   165 ||   256
       Bite              |     1 |     3 |    19 ||    23
       Punch             |       |       |     4 ||     4
 Cast: Sting             |    41 |    66 |    64 ||   171
       Tukima's Dance    |       |     2 |     8 ||    10
       Ensorcelled Hiber |       |       |     9 ||     9
       Olgreb's Toxic Ra |       |       |     2 ||     2
  Use: Potion            |       |     1 |     1 ||     2
       Scroll            |       |       |     4 ||     4
 Stab: Sleeping          |     6 |     8 |     5 ||    19
       Distracted        |       |       |     2 ||     2
Armor: Robe              |     4 |    17 |    32 ||    53
Dodge: Dodged            |    19 |    66 |   123 ||   208
Block: Other             |     7 |    18 |    45 ||    70
       Reflection        |     1 |       |       ||     1
